 Dungeon Crawl Stone Soup version 0.28.0-53-g5a82cb258f (webtiles) character file.

Game seed: 11228289948832174051

188 DocClef the Firebug (level 5, -1/37 HPs)
             Began as a Gnoll Fire Elementalist on July 13, 2022.
             Killed by divine providence
             ... invoked by an orc priest
              (11 damage)
             ... on level 3 of the Dungeon.
             The game lasted 00:03:39 (4009 turns).

DocClef the Firebug (Gnoll Fire Elementalist)       Turns: 4009, Time: 00:03:40

Health: -1/37      AC:  3    Str:  7    XL:     5   Next: 67%
Magic:  2/12       EV: 13    Int: 17    God:
Gold:   182        SH:  0    Dex: 12    Spells: 13/14 levels left

rFire   . . .      SeeInvis +   b - +2 short sword (speed)
rCold   . . .      Faith    .   (no shield)
rNeg    . . .      Spirit   .   a - +0 robe
rPois   .          Reflect  .   (no helmet)
rElec   .          Harm     .   (no cloak)
rCorr   .          Rampage  .   h - +0 pair of gloves
Will    .....                   (no boots)
Stlth   +++.......              (no amulet)
HPRegen 0.12/turn               d - ring of see invisible
MPRegen 0.13/turn               (no ring)

@: no status effects
A: fangs 1, strong nose, distributed training
a: no special abilities


You were on level 3 of the Dungeon.
You visited 1 branch of the dungeon, and saw 3 of its levels.

You collected 182 gold pieces.

Inventory:

Hand Weapons
 b - a +2 short sword of speed (weapon)
Armour
 a - a +0 robe (worn)
 h - a +0 pair of gloves (worn)
Jewellery
 d - a ring of see invisible (left hand)
Scrolls
 c - a scroll of teleportation {unknown}
 e - a scroll of enchant armour {unknown}
 f - a scroll of brand weapon {unknown}
 g - a scroll of identify {unknown}
Potions
 i - a potion of brilliance {unknown}


   Skills:
 + Level 1.6 Fighting
 + Level 1.6 Short Blades
 + Level 1.6 Long Blades
 + Level 1.6 Axes
 + Level 1.6 Maces & Flails
 + Level 1.6 Polearms
 + Level 1.6 Staves
 + Level 1.6 Slings
 + Level 1.6 Bows
 + Level 1.6 Crossbows
 + Level 1.6 Throwing
 + Level 1.6 Armour
 + Level 4.8 Dodging
 + Level 4.4 Stealth
 + Level 1.6 Shields
 + Level 1.6 Unarmed Combat
 + Level 5.2 Spellcasting
 + Level 2.4 Conjurations
 + Level 1.2 Hexes
 + Level 1.2 Summonings
 + Level 1.2 Necromancy
 + Level 1.2 Translocations
 + Level 1.2 Transmutations
 + Level 5.5 Fire Magic
 + Level 1.2 Ice Magic
 + Level 1.2 Air Magic
 + Level 1.2 Earth Magic
 + Level 1.2 Poison Magic
 + Level 1.8 Invocations
 + Level 1.6 Evocations


You had 13 spell levels left.
You knew the following spells:

 Your Spells              Type           Power      Damage    Failure   Level
a - Foxfire               Conj/Fire      72%        2x1d7     2%          1

Your spell library contained the following spells:

 Spells                   Type           Power      Damage    Failure   Level
 Scorch                   Fire           46%        2d7       2%          2
 Conjure Flame            Conj/Fire      18%        6-21      8%          3
 Animate Skeleton         Necr           16%        N/A       9%          1
 Beastly Appendage        Tmut           16%        N/A       9%          1
 Pain                     Necr           32%        1d5       9%          1
 Inner Flame              Hex/Fire       16%        N/A       11%         3
 Wereblood                Tmut           8%         N/A       12%         2
 Spider Form              Tmut/Pois      8%         N/A       24%         3
 Vampiric Draining        Necr           8%         2d6       24%         3
 Flame Wave               Conj/Fire      18%        2d6       26%         4


Dungeon Overview and Level Annotations

Branches:
Dungeon (3/15)

Altars:


Innate Abilities, Weirdness & Mutations

You have very sharp teeth.
Your uncanny sense of smell can sniff out nearby items.
Your experience applies equally to all skills.


Message History

The orc priest is heavily wounded.
The orc priest barely misses you.
You barely miss the orc priest.
The orc priest is heavily wounded.
The orc priest hits you with a +0 club.
You hit the orc priest but do no damage.
The orc priest is heavily wounded.
You hit the orc priest but do no damage.
Your bite misses the orc priest.
The orc priest is heavily wounded.
The orc priest mumbles some strange prayers to Beogh against you.
Beogh smites you!
* * * LOW HITPOINT WARNING * * *
You hit the orc priest. Your bite misses the orc priest.
The orc priest is severely wounded.
The orc priest mumbles some strange prayers to Beogh against you.
You barely resist. You barely miss the orc priest.
The orc priest is severely wounded.
You barely miss the orc priest.
The orc priest is severely wounded.
The orc priest misses you.
You hit the orc priest but do no damage.
The orc priest is severely wounded.
The orc priest barely misses you.
You hit the orc priest.
The orc priest is severely wounded.
You closely miss the orc priest.
The orc priest is severely wounded.
The orc priest miscasts a cantrip.
You hit the orc priest but do no damage.
The orc priest is severely wounded.
The orc priest casts a cantrip, but nothing happens.
You completely miss the orc priest.
The orc priest is severely wounded.
You hit the orc priest but do no damage.
The orc priest is severely wounded.
The orc priest calls down the wrath of Beogh upon you.
Beogh smites you!
You die...

.........####.#.#
#####........#
.......[###
.#####..#
#..#####.##
#.........#
#..#####...
.#####...## ∆ #.#
.......@..# #.#
.......o.## #.#
#######.## ...
#)# #.# #)# #.#
#'# #.# #...#
####.### #.....#
∆ .......##
#.......#


You could see an orc priest.

Vanquished Creatures
  3 orc priests (D:3)
  An orc wizard (D:3)
  An adder (D:3)
  A worm (D:2)
  2 dart slugs (D:3)
  11 orcs
  5 ball pythons
  7 bats
  2 endoplasms (D:1)
  A giant cockroach (D:1)
  5 goblins
  A hobgoblin (D:1)
  2 quokkas (D:3)
  5 frilled lizards
  2 kobolds
  6 rats
55 creatures vanquished.

Vanquished Creatures (collateral kills)
  11 foxfires (D:1)
11 creatures vanquished.

Vanquished Creatures (others)
  262 foxfires
262 creatures vanquished.

Grand Total: 328 creatures vanquished

Notes
Turn   | Place    | Note
-------+----------+-------------------------------------------
     0 | D:1      | DocClef the Gnoll Fire Elementalist began the quest for the
                  | Orb.
     0 | D:1      | Reached XP level 1. HP: 13/13 MP: 6/6
   284 | D:1      | Reached XP level 2. HP: 19/19 MP: 4/7
   694 | D:1      | Found a faded altar of an unknown god.
  1733 | D:2      | Reached skill level 5 in Spellcasting
  1733 | D:2      | Reached XP level 3. HP: 25/25 MP: 4/9
  2956 | D:3      | Reached skill level 1 in Invocations
  3421 | D:3      | Reached skill level 1 in Fighting
  3421 | D:3      | Reached skill level 1 in Short Blades
  3421 | D:3      | Reached skill level 1 in Long Blades
  3421 | D:3      | Reached skill level 1 in Axes
  3421 | D:3      | Reached skill level 1 in Maces & Flails
  3421 | D:3      | Reached skill level 1 in Polearms
  3421 | D:3      | Reached skill level 1 in Staves
  3421 | D:3      | Reached skill level 1 in Slings
  3421 | D:3      | Reached skill level 1 in Bows
  3421 | D:3      | Reached skill level 1 in Crossbows
  3421 | D:3      | Reached skill level 1 in Throwing
  3421 | D:3      | Reached skill level 1 in Armour
  3421 | D:3      | Reached skill level 1 in Shields
  3421 | D:3      | Reached skill level 1 in Unarmed Combat
  3421 | D:3      | Reached skill level 1 in Evocations
  3557 | D:3      | Reached XP level 4. HP: 32/32 MP: 7/11
  3561 | D:3      | Reached skill level 1 in Hexes
  3561 | D:3      | Reached skill level 1 in Summonings
  3561 | D:3      | Reached skill level 1 in Necromancy
  3561 | D:3      | Reached skill level 1 in Translocations
  3561 | D:3      | Reached skill level 1 in Transmutations
  3561 | D:3      | Reached skill level 1 in Ice Magic
  3561 | D:3      | Reached skill level 1 in Air Magic
  3561 | D:3      | Reached skill level 1 in Earth Magic
  3561 | D:3      | Reached skill level 1 in Poison Magic
  3574 | D:3      | Reached XP level 5. HP: 23/37 MP: 0/12
  4009 | D:3      | Killed from afar by an orc priest

Illustrated notes

Levels and vault maps discovered:
D:1:      onia_arrival_pentagram, layout_basic,
          hellmonk_ecumenical_altar_blasted, minmay_parallelograms,
          chequers_arboretum, minmay_hedge_maze, st_stairs_12, minivault_24,
          kennysheep_doodads, minmay_misc_feat_x
D:2:      layout_basic, minmay_tripent
D:3:      layout_loops_corners

Skill      XL: |  1  2  3  4 |
---------------+-------------+-----
Conjurations   | 2 |  2.4
Spellcasting   | 5 |  5.2
Invocations    | 1 |  1.8
Fighting       | 1 |  1.6
Short Blades   | 1 |  1.6
Long Blades    | 1 |  1.6
Axes           | 1 |  1.6
Maces & Flails | 1 |  1.6
Polearms       | 1 |  1.6
Staves         | 1 |  1.6
Slings         | 1 |  1.6
Bows           | 1 |  1.6
Crossbows      | 1 |  1.6
Throwing       | 1 |  1.6
Armour         | 1 |  1.6
Shields        | 1 |  1.6
Unarmed Combat | 1 |  1.6
Evocations     | 1 |  1.6
Hexes          | 1 |  1.2
Summonings     | 1 |  1.2
Necromancy     | 1 |  1.2
Translocations | 1 |  1.2
Transmutations | 1 |  1.2
Ice Magic      | 1 |  1.2
Air Magic      | 1 |  1.2
Earth Magic    | 1 |  1.2
Poison Magic   | 1 |  1.2
Dodging        | |  4.8
Stealth        | |  4.4
Fire Magic     | |  5.5

Action                   |  1- 3 |  4- 6 || total
-------------------------+-------+-------++-------
Melee: Dagger            |    22 |    12 ||    34
       Bite              |       |     3 ||     3
       Short sword       |       |    16 ||    16
       Punch             |       |     1 ||     1
 Cast: Foxfire           |   124 |    47 ||   171
 Stab: Sleeping          |     1 |       ||     1
Armor: Robe              |     4 |    10 ||    14
Dodge: Dodged            |    22 |    21 ||    43
